 Dungeon Crawl Stone Soup version 0.31.0-9-g3a7656b989 (webtiles) character file.

Game seed: 5873890323784140679

162 qw the Skirmisher (level 5, -2/29 HPs)
             Began as a Deep Elf Hunter on Feb 2, 2024.
             Slain by an orc priest
             ... wielding a +0 hand axe
              (7 damage)
             ... on level 4 of the Dungeon.
             The game lasted 00:00:09 (2378 turns).

qw the Skirmisher (Deep Elf Hunter)                 Turns: 2378, Time: 00:00:09

Health: -2/29      AC:  4    Str: 10    XL:     5   Next: 19%
Magic:  7/7        EV: 12    Int: 14    God:
Gold:   131        SH:  0    Dex: 18    Spells: 4/4 levels left

rFire   . . .        a - +0 shortbow
rCold   . . .        (shield currently unavailable)
rNeg    + . .        c - +0 leather armour
rPois   .            (no helmet)
rElec   .            (no cloak)
rCorr   .            m - +0 pair of gloves
SInv    .            (no boots)
Will    .....        (no amulet)
Stlth   ++           b - ring of positive energy
HPRegen 0.24/turn    (no ring)
MPRegen 0.10/turn

%: no passive effects
@: no status effects
A: no striking features
a: no special abilities


You were on level 4 of the Dungeon.
You visited 1 branch of the dungeon, and saw 4 of its levels.

You collected 131 gold pieces.


   Skills:
 - Level 1.5 Fighting
 + Level 8.6 Ranged Weapons
 - Level 2.4 Dodging
 - Level 1.2 Stealth


You had 4 spell levels left.
You didn't know any spells.
Your spell library was empty.

Inventory:

Hand Weapons
 a - a +0 shortbow (weapon)
Armour
 c - a +0 leather armour (worn)
 m - a +0 pair of gloves (worn)
Jewellery
 b - a ring of positive energy (left hand)
Scrolls
 d - a scroll of fog {unknown}
Potions
 f - a potion of enlightenment
 g - a potion of cancellation
 h - a potion of mutation {unknown}
 j - a potion of berserk rage {unknown}
 k - a potion of might {unknown}
 l - a potion of invisibility {unknown}
 o - a potion of lignification {unknown}
 p - a potion of ambrosia {unknown}

Dungeon Overview and Level Annotations

Branches:
Dungeon (4/15)
 Temple: D:4-7

Altars:


Message History

The orc is heavily wounded.
The orc misses you.
You shoot an arrow.
The arrow hits the orc but does no damage.
The orc is heavily wounded.
You shoot an arrow.
The arrow hits the orc but does no damage.
The orc is heavily wounded.
The orc priest calls upon Beogh to heal the orc.
The orc's wounds heal themselves!
The orc misses you.
You shoot an arrow. The arrow hits the orc.
The orc is lightly wounded.
The orc hits you with a +0 war axe!
You shoot an arrow. The arrow hits the orc.
The orc is moderately wounded.
The quokka bites you. The orc priest completely misses you.
The orc hits you with a +0 war axe.
You shoot an arrow.
The arrow hits the orc but does no damage.
The orc is moderately wounded.
The quokka closely misses you. The orc priest closely misses you.
The orc hits you with a +0 war axe!
You shoot an arrow. The arrow hits the orc.
The orc is severely wounded.
The quokka barely misses you. The orc hits you with a +0 war axe.
The orc priest closely misses you. The quokka misses you.
You shoot an arrow. The arrow barely misses the orc.
The orc priest hits you with a +0 hand axe.
The orc barely misses you. The quokka bites you.
You shoot an arrow. The arrow barely misses the orc.
The quokka barely misses you. The orc priest misses you.
The orc barely misses you.
You shoot an arrow. The arrow barely misses the orc.
The quokka barely misses you. The orc priest closely misses you.
The orc misses you.
You shoot an arrow. The arrow hits the orc.
The orc is almost dead.
The quokka bites you. The orc barely misses you.
The orc priest hits you with a +0 hand axe!
You die...

##. . .. .. ..
...#' #### ...).
... ...+ #..### #.#
...#
##.oo####.#####...#
#..r@.............+
#.##......##.....
#......##...#
#......##...#
#####.......######
##.###..##^...
#.......[....
#######...###
###...#


You could see an orc priest, an orc and a quokka.

Vanquished Creatures
  A bombardier beetle (D:4)
  3 gnolls (D:2)
  An adder (D:3)
  5 dart slugs
  2 ribbon worms
  2 orcs (D:4)
  3 endoplasms
  5 giant cockroaches
  5 goblins
  6 hobgoblins
  9 jackals
  5 quokkas
  5 ball pythons
  3 bats
  4 frilled lizards
  6 kobolds
  4 rats
69 creatures vanquished.

Notes
Turn   | Place    | Note
-------+----------+-------------------------------------------
     0 | D:1      | qw the Deep Elf Hunter began the quest for the Orb.
     0 | D:1      | Reached XP level 1. HP: 12/12 MP: 3/3
     0 | D:1      | 0 ||| qw: Version: 0.3-a-155-g5e7d8dd
     0 | D:1      | 0 ||| qw: Game counter: 1987
     0 | D:1      | 0 ||| qw: Melee chars always use a shield: true
     0 | D:1      | 0 ||| qw: God list: Okawaru
     0 | D:1      | 0 ||| qw: Allow faded altars: false
     0 | D:1      | 0 ||| qw: Do Orc after clearing Dungeon:15 true
     0 | D:1      | 0 ||| qw: Do second Lair branch before Depths: true
     0 | D:1      | 0 ||| qw: Lair rune preference: random
     0 | D:1      | 0 ||| qw: Goals: Normal
     0 | D:1      | 0 ||| PLANNING D:1-11
    64 | D:1      | Reached skill level 6 in Ranged Weapons
    64 | D:1      | Reached XP level 2. HP: 16/16 MP: 4/4
    88 | D:1      | HP: 3/16 [quokka (2)]
    94 | D:1      | HP: 2/16 [quokka (1)]
   429 | D:1      | Reached XP level 3. HP: 20/20 MP: 5/5
   729 | D:1      | 729 ||| DRINKING 2 murky pink potions.
   730 | D:1      | 730 ||| DROPPING scroll of butterflies.
   883 | D:2      | Reached skill level 7 in Ranged Weapons
   957 | D:2      | 957 ||| RETREEEEATING.
   969 | D:2      | Reached XP level 4. HP: 15/25 MP: 6/6
  1302 | D:2      | 1302 ||| UPGRADING to ring of positive energy.
  1303 | D:2      | 1303 ||| READING scroll labelled XELAGAROETY.
  1303 | D:2      | 1303 ||| IDENTIFYING red potion
  1304 | D:2      | 1304 ||| READING 2 scrolls labelled KUIQUA HUUFOSCH.
  1305 | D:2      | 1305 ||| READING scroll labelled NAANKO SIAL.
  1344 | D:2      | 1344 ||| READING scroll labelled BEACLOU CICROXT.
  1345 | D:2      | 1345 ||| DROPPING potion of degeneration.
  1346 | D:2      | 1346 ||| DROPPING scroll of revelation.
  1429 | D:3      | HP: 6/25 [poisoned by an adder]
  1565 | D:3      | Reached skill level 8 in Ranged Weapons
  2090 | D:3      | 2090 ||| UPGRADING to +0 pair of gloves.
  2095 | D:3      | 2095 ||| READING scroll of identify.
  2095 | D:3      | 2095 ||| IDENTIFYING brown potion
  2096 | D:3      | 2096 ||| READING scroll labelled VYNLAGOMANY.
  2097 | D:3      | 2097 ||| READING scroll labelled PUNICH PEIDGH.
  2198 | D:3      | 2198 ||| DRINKING 2 silvery potions.
  2199 | D:3      | 2199 ||| DROPPING potion of magic.
  2269 | D:4      | Reached XP level 5. HP: 29/29 MP: 7/7
  2375 | D:4      | HP: 7/29 [quokka (3)]
  2378 | D:4      | Slain by an orc priest

Levels and vault maps discovered:
D:1:      dpeg_arrival_pond, layout_loops_ring
D:2:      layout_rooms, mrwooster_statue_mirror, grunt_decor_clamped
D:3:      layout_basic, nrook_loot_triangle
D:4:      layout_basic, mainiacjoe_overflow_boulevard, uniq_edmund

Skill      XL: |  1  2  3  4 |
---------------+-------------+-----
Ranged Weapons | 6 7 8 |  8.6
Fighting       | |  1.5
Dodging        | |  2.4
Stealth        | |  1.2

Action                     |  1- 3 |  4- 6 || total
---------------------------+-------+-------++-------
   Fire: Shortbow          |   139 |   100 ||   239
    Use: Potion            |     1 |     1 ||     2
         Scroll            |       |     7 ||     7
 Armour: Leather armour    |    36 |    22 ||    58
  Dodge: Dodged            |    58 |    37 ||    95

Table legend:
 A = Non-vault XP
 B = Vault XP
 C = Vault XP percentage of total XP
 D = Non-vault monster count
 E = Vault monster count
 F = Vault count percentage of total count
                 A         B        C        D         E       F
            +---------+---------+-------+---------+---------+-------
      Total |     232 |       0 |   0.0 |      69 |       0 |   0.0
            +---------+---------+-------+---------+---------+-------
        D:1 |      56 |       0 |   0.0 |      32 |       0 |   0.0
        D:2 |      70 |       0 |   0.0 |      18 |       0 |   0.0
        D:3 |      36 |       0 |   0.0 |      13 |       0 |   0.0
        D:4 |      70 |       0 |   0.0 |       6 |       0 |   0.0
            +---------+---------+-------+---------+---------+-------
